 Dungeon Crawl Stone Soup version 0.30.0-20-g3615ddf2f0 (webtiles) character file.

Game seed: 16587595925807464295

54 qw the Chopper (level 3, -5/23 HPs)
             Began as a Gargoyle Fighter on May 29, 2023.
             Killed from afar by Sigmund (13 damage)
             ... with a puff of flame
             ... on level 2 of the Dungeon.
             The game lasted 00:00:47 (1491 turns).

qw the Chopper (Gargoyle Fighter)                   Turns: 1491, Time: 00:00:47

Health: -5/23      AC: 11    Str: 23    XL:     3   Next: 91%
Magic:  3/3        EV:  9    Int: 14    God:
Gold:   36         SH:  4    Dex:  9    Spells: 2/2 levels left

rFire   . . .        Y - +0 war axe
rCold   . . .        c - +0 buckler
rNeg    + . .        b - +0 scale mail
rPois   inf          (no helmet)
rElec   +            (no cloak)
rCorr   .            j - +0 pair of gloves
SInv    +            (no boots)
Will    +....        (no amulet) Stlth
                     f - ring "Wyzun" {Will+ Str+2 Int+6 SInv}
HPRegen 0.23/turn    (no ring)
MPRegen 0.08/turn

%: no passive effects
@: no status effects
A: sickness immunity, AC +3, negative energy resistance 1, electricity
resistance, torment resistance 1, petrification resistance
a: no special abilities


You were on level 2 of the Dungeon.
You visited 1 branch of the dungeon, and saw 2 of its levels.

You collected 36 gold pieces.


Innate Abilities, Weirdness & Mutations

You are immune to sickness and miasma.
Your stone body is resilient. (AC +3)
You are immune to poison.
You resist negative energy. (rN+)
You are resistant to electric shocks. (rElec)
You are resistant to unholy torment.
You are immune to petrification.


   Skills:
 - Level 3.2 Fighting
 + Level 3.7 Axes
 - Level 3.2 Armour
 - Level 3.2 Shields


You had 2 spell levels left.
You didn't know any spells.
Your spell library was empty.

Inventory:

Hand Weapons
 e - a +0 whip
 Y - a +0 war axe (weapon)
Missiles
 k - 3 boomerangs (quivered)
Armour
 b - a +0 scale mail (worn)
 c - a +0 buckler (worn)
 i - a +0 chain mail
 j - a +0 pair of gloves (worn)
Jewellery
 f - the ring "Wyzun" (left hand) {Will+ Str+2 Int+6 SInv}
   (You acquired it on level 1 of the Dungeon)

   [ring of intelligence]

   Str:       It affects your strength (+2).
   Int:       It affects your intelligence (+6).
   SInv:      It lets you see invisible.
   Will:      It increases your willpower.
 m - an amulet of the acrobat
Scrolls
 a - a scroll of amnesia {unknown}
 g - 2 scrolls of identify
Potions
 d - a potion of might
 h - a potion of curing
 l - a potion of attraction {unknown}

Dungeon Overview and Level Annotations

Branches:
Dungeon (2/15)

Altars:

Annotations:
D:2 Sigmund


Message History

You hit Sigmund but do no damage.
Sigmund is lightly wounded.
Sigmund closely misses you.
You closely miss Sigmund.
Sigmund is lightly wounded.
You closely miss Sigmund.
Sigmund is lightly wounded.
Sigmund hits you with a +1 scythe of protection.
You closely miss Sigmund.
Sigmund is lightly wounded.
You block Sigmund's attack.
You barely miss Sigmund.
Sigmund is lightly wounded.
Sigmund barely misses you.
You barely miss Sigmund.
Sigmund is lightly wounded.
Sigmund hits you but does no damage.
You closely miss Sigmund.
Sigmund is lightly wounded.
Sigmund points at you and mumbles some strange words.
You resist with almost no effort.
You hit Sigmund.
Sigmund is moderately wounded.
Sigmund completely misses you.
You hit Sigmund but do no damage.
Sigmund is moderately wounded.
Sigmund closely misses you.
You slash Sigmund!
Sigmund is severely wounded.
Sigmund drinks a potion.
Sigmund is healed!
You closely miss Sigmund.
Sigmund is moderately wounded.
Sigmund giggles. "Time to reap what you sow."
Sigmund hits you with a +1 scythe of protection.
You slash Sigmund!
Sigmund is heavily wounded.
Sigmund gestures at you while chanting. The puff of flame hits you!
Ouch! That really hurt!
You die...

#.#.#.#.......#.#
#.#<...#
#.#(#.#....##.#.#
#.#....# #
#.#.#.........# #.#.#.##
#.#.#...###.#.# #.#.#.#
#.#.#...###.#.###.#.#.#
#.#.#.............#.#.#
#.#.#..####.#......?#.#
#.#.....#.....#######.#
#.#...........@@......
#.#.#......>#.########
#.#.######.##.#
#.............###########
#.#.######.##...........#
###.# #.##.#######.###
#.# #.##.#######.#
#.######[...........#
#...........#########


You could see Sigmund.

Vanquished Creatures
  An adder (D:2)
  A worm (D:2)
  6 ball pythons
  6 endoplasms
  3 giant cockroaches
  3 goblins
  A hobgoblin (D:2)
  2 jackals (D:1)
  6 kobolds
  A quokka (D:2)
  4 bats
  3 frilled lizards (D:2)
  4 rats (D:1)
41 creatures vanquished.

Notes
Turn   | Place    | Note
-------+----------+-------------------------------------------
     0 | D:1      | qw the Gargoyle Fighter began the quest for the Orb.
     0 | D:1      | Reached XP level 1. HP: 14/14 MP: 1/1
     0 | D:1      | 0 ||| qw: Version: 0.2-a-102-g2b76a06
     0 | D:1      | 0 ||| qw: Game counter: 381
     0 | D:1      | 0 ||| qw: Always use a shield: true
     0 | D:1      | 0 ||| qw: God list: Okawaru
     0 | D:1      | 0 ||| qw: Allow faded altars: false
     0 | D:1      | 0 ||| qw: Do Orc after D:15 true
     0 | D:1      | 0 ||| qw: Do second Lair branch before Depths: true
     0 | D:1      | 0 ||| qw: Lair rune preference: random
     0 | D:1      | 0 ||| qw: Plans: Normal, Zot:1-4, Slime:5, God:TSO, Crypt,
                  | Tomb, Pan, Hells, Abyss, Win
     0 | D:1      | 0 ||| PLANNING D:1-11
    49 | D:1      | 49 ||| Stepping ~*~*~tactically~*~*~ (hiding).
    90 | D:1      | Reached XP level 2. HP: 19/19 MP: 2/2
   148 | D:1      | 148 ||| Stepping ~*~*~tactically~*~*~ (stealth).
   226 | D:1      | Found a faded altar of an unknown god.
   343 | D:1      | Reached skill level 3 in Axes
   609 | D:1      | 609 ||| UPGRADING to +0 pair of gloves.
   614 | D:1      | 614 ||| READING 2 scrolls labelled URYOFF GAEST.
   615 | D:1      | 615 ||| READING scroll labelled NYFUFOT VEOCS.
   616 | D:1      | 616 ||| READING scroll labelled MEMNAE DOSIAP.
   617 | D:1      | 617 ||| READING scroll labelled HIFIEJULAF.
   622 | D:1      | 622 ||| READING scroll labelled AHUZXA JIXIO.
   623 | D:1      | 623 ||| READING scroll labelled TUAREI TAG PIH.
   624 | D:1      | 624 ||| READING scroll labelled LIRGHI AFALOU.
   624 | D:1      | Identified a scroll of acquirement
   624 | D:1      | 624 ||| ACQUIRING ring "Wyzun" {Will+ Str+2 Int+6 SInv}
   624 | D:1      | Acquired the ring "Wyzun" {Will+ Str+2 Int+6 SInv}
   626 | D:1      | 626 ||| UPGRADING to ring "Wyzun" {Will+ Str+2 Int+6 SInv}.
   627 | D:1      | 627 ||| DROPPING scroll of noise.
   708 | D:2      | Reached XP level 3. HP: 23/23 MP: 3/3
  1470 | D:2      | Noticed Sigmund
  1491 | D:2      | Killed from afar by Sigmund

Levels and vault maps discovered:
D:1:      evilmike_arrival_crescent, layout_rooms,
          chequers_ecumenical_altar_simple_redux
D:2:      layout_basic, uniq_sigmund

Skill      XL: |  1  2 |
---------------+-------+-----
Axes           | 2 3 |  3.7
Fighting       | |  3.2
Armour         | |  3.2
Shields        | |  3.2

Action                     || total
---------------------------++-------
  Melee: War axe           ||   127
  Throw: Boomerang         ||    30
    Use: Scroll            ||     7
 Armour: Scale mail        ||    60
  Dodge: Dodged            ||    55
  Block: Buckler           ||    21

Table legend:
 A = Non-vault XP
 B = Vault XP
 C = Vault XP percentage of total XP
 D = Non-vault monster count
 E = Vault monster count
 F = Vault count percentage of total count
                 A         B        C        D         E       F
            +---------+---------+-------+---------+---------+-------
      Total |      78 |       0 |   0.0 |      41 |       0 |   0.0
            +---------+---------+-------+---------+---------+-------
        D:1 |      31 |       0 |   0.0 |      19 |       0 |   0.0
        D:2 |      47 |       0 |   0.0 |      22 |       0 |   0.0
            +---------+---------+-------+---------+---------+-------
